 Dungeon Crawl Stone Soup version 0.13-a0-2606-g170388b (webtiles) character file.

110 Kae the Firebug (level 3, -2/19 HPs)
             Began as a Tengu Fire Elementalist on Aug 4, 2013.
             Slain by an inept door mimic (4 damage)
             ... on Level 2 of the Dungeon.
             The game lasted 00:02:15 (1871 turns).

Kae the Firebug (Tengu Fire Elementalist)           Turns: 1871, Time: 00:02:16

HP  -2/19        AC  3     Str  8      XL: 3   Next: 70%
MP   0/7         EV 12     Int 16      God:
Gold 63          SH  0     Dex 14      Spells:  2 memorised,  1 level left

Res.Fire  : . . .   See Invis. : .   e - +0 dagger
Res.Cold  : . . .   Warding    : .   a - +0 robe
Life Prot.: . . .   Conserve   : .   (no shield)
Res.Poison: .       Res.Corr.  : .   k - +0 wizard hat
Res.Elec. : .       Clarity    : .   (no cloak)
Sust.Abil.: . .     Spirit.Shd : .   f - +0 pair of gloves
Res.Mut.  : .       Stasis     : .   (boots unavailable)
Res.Rott. : .       Flight     : .   (no amulet)
Saprovore : . . .                    (no ring)
                                     (no ring)

@: mildly poisoned, very slightly contaminated, held, not resistant to hostile
enchantments, fairly stealthy
A: beak, talons 3
a: no special abilities


You were on level 2 of the Dungeon.
You were near starving.

You visited 1 branch of the dungeon, and saw 2 of its levels.

You collected 43 gold pieces.

Inventory:

Hand weapons
 e - a +0,+0 dagger (weapon)
Armour
 a - a +0 robe (worn)
 f - a +0 pair of gloves (worn)
 k - a +0 wizard hat (worn)
Comestibles
 c - a bread ration
 g - an apple
Scrolls
 d - a scroll of amnesia {unknown}
 h - a scroll of fog {unknown}
 j - a scroll of identify {unknown}
 l - a scroll of teleportation {unknown}
 m - a scroll of enchant weapon I {unknown}
Potions
 n - 2 potions of slowing {unknown}
 o - a potion of restore abilities {unknown}
Books
 b - a book of Flames

   Spells                             Type                      Level
   *Flame Tongue                      Conjuration/Fire             1
   *Throw Flame                       Conjuration/Fire             2
   Conjure Flame                      Conjuration/Fire             3
   Inner Flame                        Hexes/Fire                   3
   Sticky Flame                       Conjuration/Fire             4
   Fireball                           Conjuration/Fire             5


   Skills:
 - Level 2.1 Dodging
 - Level 2.0 Stealth
 + Level 1.3 Spellcasting
 * Level 3.6 Conjurations
 + Level 3.8 Fire Magic


You had one spell level left.
You knew the following spells:

 Your Spells              Type           Power        Failure   Level  Hunger
a - Flame Tongue          Conj/Fire      ##...        6%          1    ##.....
b - Throw Flame           Conj/Fire      ##....       10%         2    ###....


Dungeon Overview and Level Annotations

Branches:
Dungeon (2/27)

Altars:

Annotations
D:2 Sigmund


Innate Abilities, Weirdness & Mutations

You have a beak for a mouth.
You have claws for feet.


Message History

You stop butchering the corpse.
* * * LOW HITPOINT WARNING * * *
You finish ripping the adder corpse into pieces.
Things that are here:
an adder skeleton; a chunk of adder flesh
* * * LOW HITPOINT WARNING * * *
You feel sick. The inept door mimic barely misses you.
Unknown command.
Casting: Flame Tongue
Confirm with . or Enter, or press ? or * to list all spells.
Aiming: Flame Tongue
Press: ? - help, Shift-Dir - straight line, f - inept door mimic
Aim: an inept door mimic (holding you)
You miscast Flame Tongue.
You are very lightly contaminated with residual magic.
Wisps of smoke drift from your hands.
* * * LOW HITPOINT WARNING * * *
You feel sick.
The inept door mimic snaps closed at you.
You die...

# #......# #
###.#### # #.$# #
#.## #.# #.#
##.######
######.......#####
.......?.....#..@+
######...."..#.###
#.>.......#
#.......###
#.......#
#.....$.#
##.###### #.# ..#


You could see an inept door mimic.

Vanquished Creatures
  2 adders (D:2)
  2 bats
  3 giant cockroaches (D:1)
  6 hobgoblins (D:1)
  A ball python (D:1)
  A giant gecko (D:2)
  4 giant newts (D:1)
  3 goblins (D:1)
  4 kobolds
  4 rats
30 creatures vanquished.

Notes
Turn   | Place    | Note
--------------------------------------------------------------
     0 | D:1      | Kae, the Tengu Fire Elementalist, began the quest for the Orb.
     0 | D:1      | Reached XP level 1. HP: 10/10 MP: 3/3
   443 | D:1      | Reached XP level 2. HP: 3/15 MP: 1/5
   580 | D:1      | Learned a level 2 spell: Throw Flame
  1213 | D:2      | Reached XP level 3. HP: 19/19 MP: 6/6
  1297 | D:2      | Noticed Sigmund
  1871 | D:2      | Slain by an inept door mimic

Action                   || total
-------------------------++-------
Melee: Dagger            ||    43
       Unarmed           ||     3
 Cast: Flame Tongue      ||    53
  Use: Potion            ||     1
 Stab: Sleeping          ||     1
